 Dungeon Crawl Stone Soup version 0.25-a0-705-ge9988fc0fb (webtiles) character file.

Game seed: 2281684822781946928, levelgen mode: deterministic

97921 ReteAZ the Fighter (level 16, -3/133 HPs)
             Began as a Gnoll Air Elementalist on Apr 3, 2020.
             Was a High Priest of Vehumet.
             Slain by a wolf spider (24 damage)
             ... on level 3 of the Lair of Beasts on Apr 4, 2020.
             The game lasted 02:20:52 (36703 turns).

ReteAZ the Fighter (Gnoll Air Elementalist)        Turns: 36703, Time: 02:20:52

Health: -3/133     AC: 15    Str: 16    XL:     16   Next: 20%
Magic:  23/31      EV: 20    Int: 26    God:    Vehumet [*****.]
Gold:   2432       SH:  9    Dex: 17    Spells: 1/38 levels left

rFire    . . .     SeeInvis .   l - staff of conjuration
rCold    + . .     Gourm    .   p - +2 buckler {reflect}
rNeg     . . .     Faith    .   O - +2 robe {MR+}
rPois    +         Spirit   .   r - +2 helmet
rElec    .         Reflect  +   L - +2 cloak {MR+}
rCorr    .         Harm     .   F - +2 pair of gloves
MR       +++..                  (no boots)
Stlth    +++++.....             m - amulet of magic regeneration
HPRegen  0.32/turn              y - ring of poison resistance
MPRegen  0.47/turn              M - ring of Ovogepn {rC+ Str+5 Int+3}

@: lethally poisoned (-3 -> -49), studying 2 skills
A: distributed training, fangs 1, strong nose
a: Renounce Religion


You were on level 3 of the Lair of Beasts.
You worshipped Vehumet.
Vehumet was extremely pleased with you.
You were very hungry.

You visited 5 branches of the dungeon, and saw 25 of its levels.

You collected 2896 gold pieces.
You spent 464 gold pieces at shops.

Inventory:

Hand Weapons
 E - a +2 vorpal trident
Missiles
 B - 7 curare-tipped darts (quivered)
 N - 6 javelins
Armour
 p - a +2 buckler of reflection (worn)
 r - a +2 helmet (worn)
 F - a +2 pair of gloves (worn)
 L - a +2 cloak of magic resistance (worn)
 O - a +2 robe of magic resistance (worn)
Magical Staves
 l - an uncursed staff of conjuration (weapon)
 X - an uncursed staff of earth
Jewellery
 e - an uncursed ring of protection from magic
 m - an amulet of magic regeneration (around neck)
 v - an uncursed ring of flight
 w - an uncursed ring of protection from fire
 y - a ring of poison resistance (left hand)
 M - the ring of Ovogepn (right hand) {rC+ Str+5 Int+3}
   (You acquired it on level 14 of the Dungeon)

   [ring of protection from cold]

   It affects your strength (+5).
   It affects your intelligence (+3).
   It protects you from cold.
Wands
 i - a wand of enslavement (5)
 j - a wand of digging (6)
 C - a wand of flame (60)
 G - a wand of clouds (2)
 I - a wand of polymorph (8)
 Q - a wand of disintegration (3)
 T - a wand of random effects (25)
 U - a wand of iceblast (1)
 Y - a wand of acid (16)
Scrolls
 b - 4 scrolls of enchant weapon
 f - 2 scrolls of summoning
 g - 9 scrolls of remove curse
 h - 3 scrolls of amnesia
 k - 2 scrolls of brand weapon
 o - a scroll of fear
 q - 3 scrolls of blinking
 D - 7 scrolls of teleportation
 K - 3 scrolls of magic mapping
 V - 4 scrolls of identify
 W - 2 scrolls of torment
Potions
 d - 2 potions of heal wounds
 n - 9 potions of stabbing
 s - a potion of berserk rage
 u - 2 potions of cancellation
 z - a potion of brilliance
 H - a potion of might
 J - a potion of resistance
 P - 8 potions of curing
 R - 2 potions of invisibility
 S - 3 potions of flight
Books
 A - a manual of Fighting
 Z - a manual of Staves
Comestibles
 c - 43 rations


   Skills:
 + Level 14.0 Fighting
 + Level 10.5 Short Blades
 + Level 10.5 Long Blades
 + Level 10.5 Axes
 + Level 10.5 Maces & Flails
 + Level 10.5 Polearms
 + Level 11.2 Staves
 + Level 10.5 Slings
 + Level 10.5 Bows
 + Level 10.5 Crossbows
 + Level 10.5 Throwing
 + Level 10.5 Armour
 + Level 11.3 Dodging
 + Level 11.2 Stealth
 + Level 10.5 Shields
 + Level 10.5 Unarmed Combat
 + Level 11.5 Spellcasting
 + Level 9.1 Conjurations
 + Level 8.9 Hexes
 + Level 8.9 Charms
 + Level 8.9 Summonings
 + Level 8.9 Necromancy
 + Level 8.9 Translocations
 + Level 8.9 Transmutations
 + Level 8.9 Fire Magic
 + Level 8.9 Ice Magic
 + Level 10.4 Air Magic
 + Level 8.9 Earth Magic
 + Level 8.9 Poison Magic
 + Level 11.3 Invocations
 + Level 10.5 Evocations


You had one spell level left.
You knew the following spells:

 Your Spells              Type           Power        Failure   Level  Hunger
a - Shock                 Conj/Air       ####         1%          1    None
b - Static Discharge      Conj/Air       #######.     1%          3    None
c - Airstrike             Air            ######....   1%          4    None
d - Lightning Bolt        Conj/Air       #######...   1%          5    ###....
e - Bolt of Magma         Conj/Fire/Erth #######...   1%          5    ###....
f - Orb of Destruction    Conj           #######...   21%         7    ######.
g - Iskenderun's Battles  Conj/Chrm      #######.     1%          5    ###....
h - Spellforged Servitor  Conj/Summ      #######...   21%         7    ######.

Your spell library contained the following spells:

 Spells                   Type           Power        Failure   Level  Hunger
 Animate Skeleton         Necr           N/A          1%          1    None
 Apportation              Tloc           ######       1%          1    None
 Beastly Appendage        Tmut           ######       1%          1    None
 Corona                   Hex            ######.      1%          1    None
 Sting                    Tmut/Pois      ####         1%          1    None
 Summon Small Mammal      Summ           ####         1%          1    None
 Sticks to Snakes         Tmut           ######..     1%          2    None
 Swiftness                Chrm/Air       ######..     1%          2    None
 Gell's Gravitas          Tloc           ######....   1%          3    None
 Portal Projectile        Hex/Tloc       ######       1%          3    None
 Spider Form              Tmut/Pois      ######....   1%          3    None
 Ice Form                 Ice/Tmut       ######..     1%          4    None
 Blade Hands              Tmut           ######....   2%          5    ###....
 Metabolic Englaciation   Hex/Ice        ######....   2%          5    ###....
 Freezing Cloud           Conj/Ice/Air   #######...   3%          6    #####..
 Ozocubu's Refrigeration  Ice            ######....   4%          6    #####..
 Dispersal                Tloc           ######....   16%         6    #####..
 Simulacrum               Ice/Necr       ######....   16%         6    #####..
 Controlled Blink         Tloc           N/A          100%        8    #######
 Disjunction              Tloc           ######....   100%        8    #######


Dungeon Overview and Level Annotations

Branches:
Dungeon (15/15)            Temple (1/1) D:4            Lair (6/6) D:11
 Shoals (0/4) Lair:2       Spider (1/4) Lair:3        Slime (0/5) Lair:5
    Orc (2/2) D:9             Elf (0/3) Orc:2        Vaults (0/5) D:14
 Depths (0/5) D:15

Altars:
Ashenzari
Cheibriados
Dithmenos
Elyvilon
Fedhas
Gozag
Hepliaklqana
Kikubaaqudgha
Makhleb
Nemelex Xobeh
Okawaru
Qazlal
Ru
Sif Muna
Trog
Uskayaw
Vehumet
Wu Jian
Xom
Yredelemnul
Zin
The Shining One
Beogh
Jiyva

Shops:
D:7 *   D:13 *:*   D:15 *   Orc:2 (((!

Portals:
Trove: D:15 (give +8 demon blade)

Annotations:
D:2 1 exclusion
D:13 2 runed translucent doors
Lair:4 1 exclusion
Lair:5 1 exclusion


Innate Abilities, Weirdness & Mutations

Your experience applies equally to all skills.
You have very sharp teeth.
Your uncanny sense of smell can sniff out nearby items.


Message History

The wolf spider is struck by an arc of lightning!
The wolf spider is heavily wounded.
The wolf spider is struck by an arc of lightning.
The wolf spider is severely wounded.
You are struck by an arc of lightning.
* * * LOW HITPOINT WARNING * * *
The lightning grounds out.
The wolf spider is struck by an arc of lightning!
The wolf spider is severely wounded.
You are struck by an arc of lightning.
* * * LOW HITPOINT WARNING * * *
The lightning grounds out.
You feel sick. The wolf spider completely misses you.
The wolf spider closely misses you. The wolf spider hits you.
* * * LOW HITPOINT WARNING * * *
The wolf spider bites you!
* * * LOW HITPOINT WARNING * * *
You are lethally poisoned!
The wolf spider poisons you! The wolf spider hits you!!
You die...

......#### ##....)...###.#####
.......#.####........#.#.##P.####
......+....#.........+...........
......P.#........##...#######....
....).####....##^#.#.## ###..
......# ###..#^.##.#^# ###
......## ###.^#^##^.# ....<..#
##.######...# .'######
#.^##.@s.^### ...# ##.^#.s.#..##
...# ###..#.#^.^#.### ##.##
##...#.##^##..#.##
##..#####P.....##.#.#....######
......##.......####..#......#.###
......'...P.........)#####.†...#.
....).##.............# ####....
......#####..........# ###P.


You could see 2 wolf spiders.

Vanquished Creatures
  Rupert (D:14)
  A juggernaut skeleton (D:15)
  Nessos (D:14)
  Azrael (D:15)
  An ettin (Orc:2)
  Josephine (D:10)
  4 hydras
  3 centaur warriors
  The ghost of DasRunzen the Conjurer, a novice DgCj (D:8)
  12 two-headed ogres
  2 orc high priests
  Urug (D:14)
  An ogre mage (Orc:2)
  2 skeletal warriors (D:15)
  2 unseen horrors
  A tengu zombie (D:15)
  A wizard (D:15)
  2 oklob plants (Lair:4)
  A phantasmal warrior (D:15)
  An orc knight (Orc:1)
  A necromancer (D:15)
  5 orc sorcerers (Orc:2)
  12 ugly things
  A cyclops (shapeshifter) (D:15)
  2 deep elf magi (D:15)
  3 wolf spiders
  4 cyclopes
  2 manticores
  Maurice (D:8)
  6 elephants
  3 black mambas
  Psyche (D:10)
  A guardian serpent (shapeshifter) (D:15)
  A gargoyle (D:11)
  3 centaur skeletons
  9 spiny frogs
  A rime drake (Lair:4)
  A yaktaur (D:15)
  Maggie (Lair:2)
  6 komodo dragons
  A redback zombie (D:15)
  6 trolls
  6 hornets
  5 polar bears (Lair:6)
  7 jumping spiders
  A queen bee (Lair:3)
  A jumping spider (shapeshifter) (D:15)
  5 blink frogs
  A polar bear (shapeshifter) (D:15)
  10 slime creatures
  A snapping turtle (Lair:2)
  A dream sheep (Lair:6)
  13 hippogriffs
  5 redbacks (Spider:1)
  2 shadows
  14 spriggans (Lair:6)
  A fire dragon skeleton (D:15)
  A tarantella (Spider:1)
  5 water elementals
  4 wraiths
  2 vampires
  62 yaks
  15 humans
  2 wyverns
  2 basilisks
  A fire elemental (D:15)
  Eustachio (D:5)
  A hungry ghost (D:13)
  A human zombie (D:15)
  4 acid dragons (D:13)
  A warg (Orc:1)
  A soldier ant (D:10)
  12 water moccasins
  6 hell hounds (D:15)
  5 porcupines
  3 sky beasts
  25 orc warriors
  2 ice beasts
  A necrophage (D:11)
  6 black bears
  4 boggarts (Lair:6)
  7 ogres
  14 wolves
  19 centaurs
  14 crocodiles
  23 bullfrogs
  3 big kobolds
  A wyvern zombie (D:12)
  A wyvern skeleton (D:13)
  3 scorpions
  A water moccasin skeleton (D:8)
  39 killer bees
  15 wights
  8 electric eels
  4 howler monkeys
  6 crimson imps
  5 centaur zombies
  A bullfrog zombie (D:7)
  3 quasits
  9 hounds
  7 jellies
  4 bullfrog skeletons
  22 orc priests
  4 worker ants
  Natasha (thrice) (D:2)
  7 iguanas
  40 orc wizards
  A hound zombie (D:7)
  A howler monkey zombie (D:9)
  A worker ant zombie (D:10)
  Robin (D:3)
  11 adders
  12 gnolls
  A howler monkey skeleton (D:4)
  3 shadow imps
  An ooze (D:3)
  4 adder skeletons
  3 adder zombies
  4 worms
  3 dart slugs
  6 leopard geckos
  70 orcs
  3 ball pythons
  6 giant cockroaches
  5 hobgoblins
  15 jackals
  10 quokkas
  8 bats
  12 frilled lizards
  14 goblins
  A jackal skeleton (D:7)
  9 kobolds
  A leopard gecko zombie (D:6)
  3 quokka zombies
  6 rats
  3 fungi
  2 plants
834 creatures vanquished.

Vanquished Creatures (collateral kills)
  A plant (Lair:1)
1 creature vanquished.

Vanquished Creatures (others)
  A centaur warrior (D:15)
  A cyclops (D:12)
  19 ball lightnings
  A human (D:14)
  2 centaurs
  An orc (D:11)
  31 fungi
  5 plants
  5 withered plants (D:15)
66 creatures vanquished.

Grand Total: 901 creatures vanquished

Notes
Turn   | Place    | Note
-------+----------+-------------------------------------------
     0 | D:1      | ReteAZ the Gnoll Air Elementalist began the quest for the
                  | Orb.
     0 | D:1      | Reached XP level 1. HP: 13/13 MP: 6/6
   258 | D:1      | Reached XP level 2. HP: 19/19 MP: 5/7
   817 | D:2      | Noticed Natasha
   832 | D:2      | Noticed a crimson imp
   834 | D:2      | Killed Natasha
   834 | D:2      | Reached skill level 5 in Spellcasting
   834 | D:2      | Reached skill level 1 in Invocations
   834 | D:2      | Reached XP level 3. HP: 17/25 MP: 0/9
   920 | D:2      | Noticed Natasha
   926 | D:2      | Killed Natasha
   926 | D:2      | Reached skill level 1 in Fighting
   926 | D:2      | Reached skill level 1 in Short Blades
   926 | D:2      | Reached skill level 1 in Long Blades
   926 | D:2      | Reached skill level 1 in Axes
   926 | D:2      | Reached skill level 1 in Maces & Flails
   926 | D:2      | Reached skill level 1 in Polearms
   926 | D:2      | Reached skill level 1 in Staves
   926 | D:2      | Reached skill level 1 in Slings
   926 | D:2      | Reached skill level 1 in Bows
   926 | D:2      | Reached skill level 1 in Crossbows
   926 | D:2      | Reached skill level 1 in Throwing
   926 | D:2      | Reached skill level 1 in Armour
   926 | D:2      | Reached skill level 1 in Shields
   926 | D:2      | Reached skill level 1 in Unarmed Combat
   926 | D:2      | Reached skill level 1 in Evocations
   926 | D:2      | Reached XP level 4. HP: 15/32 MP: 4/11
  1190 | D:2      | Noticed Natasha
  1211 | D:2      | Killed Natasha
  1211 | D:2      | Reached skill level 1 in Hexes
  1211 | D:2      | Reached skill level 1 in Charms
  1211 | D:2      | Reached skill level 1 in Summonings
  1211 | D:2      | Reached skill level 1 in Necromancy
  1211 | D:2      | Reached skill level 1 in Translocations
  1211 | D:2      | Reached skill level 1 in Transmutations
  1211 | D:2      | Reached skill level 1 in Fire Magic
  1211 | D:2      | Reached skill level 1 in Ice Magic
  1211 | D:2      | Reached skill level 1 in Earth Magic
  1211 | D:2      | Reached skill level 1 in Poison Magic
  1395 | D:2      | Learned a level 3 spell: Static Discharge
  1518 | D:2      | Reached XP level 5. HP: 30/37 MP: 2/12
  1786 | D:2      | Noticed an orc warrior
  2053 | D:2      | Learned a level 4 spell: Airstrike
  2285 | D:3      | Noticed Robin
  2295 | D:3      | Killed Robin
  2362 | D:3      | Reached XP level 6. HP: 44/44 MP: 6/13
  3234 | D:4      | Reached skill level 5 in Dodging
  3273 | D:4      | Reached skill level 2 in Fighting
  3810 | D:4      | Reached XP level 7. HP: 50/50 MP: 11/15
  3928 | D:4      | Found a staircase to the Ecumenical Temple.
  4041 | Temple   | Entered the Ecumenical Temple
  4140 | Temple   | Became a worshipper of Vehumet
  4635 | D:5      | Entered Level 5 of the Dungeon
  4991 | D:5      | Reached * piety under Vehumet
  4991 | D:5      | Offered knowledge of Foxfire by Vehumet.
  4991 | D:5      | Reached skill level 3 in Fighting
  4991 | D:5      | Reached skill level 5 in Stealth
  5011 | D:5      | HP: 2/52 [centaur zombie (6)]
  5437 | D:5      | Noticed Eustachio
  5540 | D:5      | Reached XP level 8. HP: 58/58 MP: 11/16
  5568 | D:5      | Killed Eustachio
  6199 | D:6      | Reached skill level 4 in Fighting
  6897 | D:7      | Reached XP level 9. HP: 66/66 MP: 13/18
  6928 | D:7      | Reached skill level 5 in Fighting
  7052 | D:7      | Found Foda Ohu's General Store.
  7164 | D:7      | Offered knowledge of Searing Ray by Vehumet.
  7167 | D:7      | Reached ** piety under Vehumet
  7863 | D:7      | Found an ancient bone altar of Kikubaaqudgha.
  8088 | D:8      | Found a large runed translucent door.
  8088 | D:8      | Found a large runed translucent door.
  8090 | D:8      | Noticed DasRunzen's ghost (novice DgCj)
  8254 | D:8      | Noticed Maurice
  8822 | D:8      | Killed Maurice
  8822 | D:8      | Reached skill level 6 in Fighting
  8843 | D:7      | Bought a scroll of magic mapping for 45 gold pieces
  8843 | D:7      | Bought a scroll of teleportation for 39 gold pieces
  8843 | D:7      | Bought a +2 cloak of magic resistance for 279 gold pieces
  8843 | D:7      | Bought a scroll of identify for 26 gold pieces
  8856 | D:8      | Noticed a two-headed ogre
  8926 | D:8      | Reached skill level 5 in Invocations
  9173 | D:8      | Killed a two-headed ogre
  9173 | D:8      | Reached XP level 10. HP: 77/77 MP: 16/20
  9300 | D:9      | Offered knowledge of Ignite Poison by Vehumet.
  9302 | D:9      | Found a staircase to the Orcish Mines.
  9306 | D:9      | Reached skill level 5 in Short Blades
  9306 | D:9      | Reached skill level 5 in Long Blades
  9306 | D:9      | Reached skill level 5 in Axes
  9306 | D:9      | Reached skill level 5 in Maces & Flails
  9306 | D:9      | Reached skill level 5 in Polearms
  9306 | D:9      | Reached skill level 5 in Staves
  9306 | D:9      | Reached skill level 5 in Slings
  9306 | D:9      | Reached skill level 5 in Bows
  9306 | D:9      | Reached skill level 5 in Crossbows
  9306 | D:9      | Reached skill level 5 in Throwing
  9306 | D:9      | Reached skill level 5 in Armour
  9306 | D:9      | Reached skill level 5 in Shields
  9306 | D:9      | Reached skill level 5 in Unarmed Combat
  9306 | D:9      | Reached skill level 5 in Evocations
  9427 | D:9      | Noticed a two-headed ogre
  9657 | D:9      | Killed a two-headed ogre
  9657 | D:9      | Reached skill level 7 in Fighting
  9909 | D:9      | Reached *** piety under Vehumet
 10157 | D:9      | Reached skill level 5 in Conjurations
 10765 | D:10     | Entered Level 10 of the Dungeon
 10765 | D:10     | Noticed a two-headed ogre
 10794 | D:10     | Noticed Psyche
 10798 | D:10     | Killed Psyche
 10995 | D:10     | Killed a two-headed ogre
 11063 | D:10     | Offered knowledge of Fulminant Prism by Vehumet.
 11063 | D:10     | Reached XP level 11. HP: 62/86 MP: 16/22
 11070 | D:10     | Learned a level 5 spell: Lightning Bolt
 11243 | D:10     | Noticed Josephine
 11269 | D:10     | Noticed a centaur warrior
 11469 | D:10     | Reached skill level 8 in Fighting
 11693 | D:10     | Killed a centaur warrior
 11693 | D:10     | Reached skill level 5 in Hexes
 11693 | D:10     | Reached skill level 5 in Charms
 11693 | D:10     | Reached skill level 5 in Summonings
 11693 | D:10     | Reached skill level 5 in Necromancy
 11693 | D:10     | Reached skill level 5 in Translocations
 11693 | D:10     | Reached skill level 5 in Transmutations
 11693 | D:10     | Reached skill level 5 in Fire Magic
 11693 | D:10     | Reached skill level 5 in Ice Magic
 11693 | D:10     | Reached skill level 5 in Earth Magic
 11693 | D:10     | Reached skill level 5 in Poison Magic
 11992 | D:10     | Reached **** piety under Vehumet
 12561 | D:10     | Killed Josephine
 13169 | D:11     | Offered knowledge of Bolt of Magma by Vehumet.
 13176 | D:11     | Learned a level 5 spell: Bolt of Magma
 13263 | D:11     | Reached skill level 9 in Fighting
 13664 | D:11     | Noticed a cyclops
 13890 | D:11     | Found a staircase to the Lair.
 13890 | D:11     | Identified the +6 shortbow "Ozagaff" {flame, rN+ MR- Int+2}
 14906 | D:11     | Reached XP level 12. HP: 95/95 MP: 19/24
 15518 | Orc:1    | Entered Level 1 of the Orcish Mines
 15518 | Orc:1    | Found a roughly hewn altar of Beogh.
 15781 | Orc:2    | Entered Level 2 of the Orcish Mines
 15922 | Lair:1   | Entered Level 1 of the Lair of Beasts
 15929 | Lair:1   | Noticed a five-headed hydra
 16670 | Lair:1   | Killed a five-headed hydra
 16798 | Lair:1   | Reached ***** piety under Vehumet
 16811 | Lair:1   | Offered knowledge of Lee's Rapid Deconstruction by Vehumet.
 16819 | Lair:1   | Reached skill level 10 in Fighting
 17456 | Lair:2   | Noticed a six-headed hydra
 17549 | Lair:2   | Noticed Maggie
 17623 | Lair:2   | Killed Maggie
 17814 | Lair:2   | Found a staircase to the Shoals.
 18447 | Lair:2   | Killed a six-headed hydra
 18942 | Lair:3   | Reached XP level 13. HP: 89/104 MP: 5/26
 19869 | Lair:3   | Found a hole to the Spider Nest.
 20829 | Lair:4   | Reached skill level 11 in Fighting
 22465 | Lair:5   | Found a staircase to the Slime Pits.
 22466 | Lair:5   | Found a viscous altar of Jiyva.
 23111 | Lair:6   | Entered Level 6 of the Lair of Beasts
 23790 | Lair:6   | Offered knowledge of Conjure Ball Lightning by Vehumet.
 24270 | Lair:6   | Reached skill level 10 in Spellcasting
 24351 | Lair:6   | Reached XP level 14. HP: 103/114 MP: 9/28
 24600 | Lair:6   | Learned a level 6 spell: Conjure Ball Lightning
 24901 | Lair:6   | Reached skill level 12 in Fighting
 24902 | Lair:6   | Reached skill level 10 in Dodging
 26445 | Orc:2    | Offered knowledge of Starburst by Vehumet.
 26461 | Orc:2    | Reached skill level 10 in Stealth
 26796 | Orc:2    | Reached skill level 10 in Invocations
 27479 | Orc:2    | Found a staircase to the Elven Halls.
 27674 | Orc:2    | Found Niho's Distillery.
 27676 | Orc:2    | Found Cattat's Weapon Boutique.
 27681 | Orc:2    | Found Baoschud's Weapon Boutique.
 27683 | Orc:2    | Found Sakhys's Weapon Shop.
 28166 | Orc:1    | Found a shimmering blue altar of Sif Muna.
 30005 | D:13     | Reached XP level 15. HP: 49/122 MP: 12/29
 30272 | D:13     | Offered knowledge of Iskenderun's Battlesphere by Vehumet.
 30290 | D:13     | Found a large runed translucent door.
 30290 | D:13     | Found a large runed translucent door.
 30290 | D:13     | Noticed a fire giant
 30314 | D:13     | Learned a level 5 spell: Iskenderun's Battlesphere
 30551 | D:8      | Killed DasRunzen's ghost
 30780 | D:13     | Found Uckuimont's Book Shoppe.
 30799 | D:13     | Found Ycaaceps's General Store.
 30808 | D:13     | Bought a potion of heal wounds for 75 gold pieces
 30892 | D:13     | Noticed a sphinx
 31087 | D:13     | Reached skill level 13 in Fighting
 31163 | D:13     | Found Edewiza's General Store.
 31877 | D:14     | Found a gate to the Vaults.
 31877 | D:14     | Noticed Urug
 31877 | D:14     | Noticed Nessos
 31877 | D:14     | Noticed Rupert
 31880 | D:15     | Entered Level 15 of the Dungeon
 31893 | D:15     | Reached skill level 10 in Staves
 32110 | D:15     | Reached skill level 10 in Air Magic
 32546 | D:15     | Reached skill level 10 in Short Blades
 32546 | D:15     | Reached skill level 10 in Long Blades
 32546 | D:15     | Reached skill level 10 in Axes
 32546 | D:15     | Reached skill level 10 in Maces & Flails
 32546 | D:15     | Reached skill level 10 in Polearms
 32546 | D:15     | Reached skill level 10 in Slings
 32546 | D:15     | Reached skill level 10 in Bows
 32546 | D:15     | Reached skill level 10 in Crossbows
 32546 | D:15     | Reached skill level 10 in Throwing
 32546 | D:15     | Reached skill level 10 in Armour
 32546 | D:15     | Reached skill level 10 in Shields
 32546 | D:15     | Reached skill level 10 in Unarmed Combat
 32546 | D:15     | Reached skill level 10 in Evocations
 32562 | D:15     | Offered knowledge of Orb of Destruction by Vehumet.
 32647 | D:15     | Noticed Azrael
 32656 | D:15     | Killed Azrael
 33102 | D:15     | Found a staircase to the Depths.
 33607 | D:15     | Found an opulent altar of Gozag.
 33674 | D:15     | Found Gozag's Platinum Reserve.
 33748 | D:15     | Found a portal to a secret trove of treasure.
 33762 | D:15     | Learned a level 7 spell: Orb of Destruction
 34769 | D:14     | Killed Nessos
 35055 | D:14     | Identified a scroll of acquirement
 35059 | D:14     | Identified the ring of Ovogepn {rC+ Str+5 Int+3} (You
                  | acquired it on level 14 of the Dungeon)
 35108 | D:14     | Reached XP level 16. HP: 126/132 MP: 25/31
 35196 | D:14     | Offered knowledge of Spellforged Servitor by Vehumet.
 35216 | D:14     | Learned a level 7 spell: Spellforged Servitor
 35254 | D:14     | Killed Urug
 35291 | D:14     | Killed Rupert
 35936 | Orc:1    | Identified Sif Muna's Compendium of Contamination
 36133 | Spider:1 | Entered Level 1 of the Spider Nest
 36409 | Lair:3   | Upgraded the game from 0.25-a0-701-gb30f108f01 to
                  | 0.25-a0-705-ge9988fc0fb
 36415 | Spider:1 | Reached skill level 14 in Fighting
 36703 | Lair:3   | Slain by a wolf spider

Levels and vault maps discovered:
D:1:      dpeg_arrival_chambers_temple_mockup, layout_basic, st_stairs_11,
          minmay_unequal
D:2:      layout_basic, minmay_split_cup_large, uniq_natasha
D:3:      layout_basic, first_ration, uniq_robin
D:4:      layout_layer_cave, minmay_temple_entry_trees, minmay_checkerbox
D:5:      layout_rooms, uniq_eustachio
D:6:      layout_loops_ring
D:7:      layout_loops_ring, kennysheep_mini_moat, serial_shops,
          nicolae_shop_behind_doors
D:8:      layout_basic, ebering_ghost_disaster_area, blue_anna_alchemist
          [blue_anna_fruit_fields, blue_anna_fruit_fields],
          kennysheep_generic_room_6, uniq_maurice
D:9:      layout_rooms, orc_0_dummy, serial_co_window_serial,
          co_window_of_opportunity_a, co_window_paths_b,
          co_window_of_opportunity_a, co_window_paths_b,
          co_window_of_opportunity_a, co_window_broadway_a, co_window_corner_ca,
          co_window_unsneaky_path_e, co_window_of_opportunity_b,
          co_window_cross_4, co_window_of_opportunity_c,
          co_window_of_opportunity_c, glass_columns_a
D:10:     layout_rooms, uniq_psyche, uniq_josephine
D:11:     layout_basic, david_lair_generic, minivault_5
D:12:     layout_loops_corners
D:13:     layout_basic, serial_shops, nicolae_shop_window_shopping, shop, shop,
          minivault_25, jmf_multi_god_temple2
D:14:     layout_irregular_city, david_vaults_3
D:15:     gammafunk_depths_entry_grave, layout_basic,
          nicolae_trove_entry_free_sample, nicolae_gozag_zags_fifth_avenue,
          uniq_azrael
Temple:   compressed_dpeg_circular_temple
Lair:1:   layout_chaotic_city, cheibrodos_lair_reptile_den
Lair:2:   layout_regular_city, minmay_shoals_entry_hut, uniq_maggie
Lair:3:   layout_roguey [special_room_bee], spider_nest_entry_rubble,
          infiniplex_staircase_pool_2
Lair:4:   layout_regular_city, minmay_lair_oklob_chamber, serial_bayou_shore_a,
          uniq_nessos
Lair:5:   layout_cave_pods, slime_altar_1, grunt_megastairs_1
Lair:6:   minmay_lair_end_enchanted_forest, layout_regular_city
Spider:1: layout_spider_delve, spiders_nest_spider_trap
Orc:1:    layout_caves, basic_altar, nicolae_orc_bridge_out, led_sif_book
Orc:2:    st_orc_mages, layout_diamond_mine

Skill      XL: |  1  2  3  4  5  6  7  8  9 10 11 12 13 14 15 16 |
---------------+-------------------------------------------------+-----
Conjurations   | 2 3 4 5 6 7 8 9 |  9.1
Spellcasting   | 5 6 7 8 9 10 11 | 11.5
Invocations    | 1 2 3 4 5 6 7 8 9 10 11 | 11.3
Fighting       | 1 2 3 4 6 7 9 10 11 12 13 14 | 14.0
Short Blades   | 1 2 3 4 5 6 7 8 9 10 | 10.5
Long Blades    | 1 2 3 4 5 6 7 8 9 10 | 10.5
Axes           | 1 2 3 4 5 6 7 8 9 10 | 10.5
Maces & Flails | 1 2 3 4 5 6 7 8 9 10 | 10.5
Polearms       | 1 2 3 4 5 6 7 8 9 10 | 10.5
Staves         | 1 2 3 4 5 6 7 8 9 10 11 | 11.2
Slings         | 1 2 3 4 5 6 7 8 9 10 | 10.5
Bows           | 1 2 3 4 5 6 7 8 9 10 | 10.5
Crossbows      | 1 2 3 4 5 6 7 8 9 10 | 10.5
Throwing       | 1 2 3 4 5 6 7 8 9 10 | 10.5
Armour         | 1 2 3 4 5 6 7 8 9 10 | 10.5
Shields        | 1 2 3 4 5 6 7 8 9 10 | 10.5
Unarmed Combat | 1 2 3 4 5 6 7 8 9 10 | 10.5
Evocations     | 1 2 3 4 5 6 7 8 9 10 | 10.5
Hexes          | 1 2 3 4 5 6 7 8 |  8.9
Charms         | 1 2 3 4 5 6 7 8 |  8.9
Summonings     | 1 2 3 4 5 6 7 8 |  8.9
Necromancy     | 1 2 3 4 5 6 7 8 |  8.9
Translocations | 1 2 3 4 5 6 7 8 |  8.9
Transmutations | 1 2 3 4 5 6 7 8 |  8.9
Fire Magic     | 1 2 3 4 5 6 7 8 |  8.9
Ice Magic      | 1 2 3 4 5 6 7 8 |  8.9
Earth Magic    | 1 2 3 4 5 6 7 8 |  8.9
Poison Magic   | 1 2 3 4 5 6 7 8 |  8.9
Dodging        | 5 6 7 8 9 10 11 | 11.3
Stealth        | 5 6 7 8 9 10 11 | 11.2
Air Magic      | 6 7 8 9 10 | 10.4

Action                   |  1- 3 |  4- 6 |  7- 9 | 10-12 | 13-15 | 16-18 || total
-------------------------+-------+-------+-------+-------+-------+-------++-------
Melee: Unarmed           |       |     4 |       |       |       |       ||     4
       Bite              |       |     1 |     3 |     2 |     5 |       ||    11
       Staff             |       |       |     8 |    20 |    31 |       ||    59
       Trident           |       |       |       |     6 |       |       ||     6
Throw: Dart              |       |       |     3 |     3 |       |       ||     6
 Cast: Shock             |    38 |   196 |   320 |   563 |   630 |    57 ||  1804
       Static Discharge  |       |     1 |     9 |    21 |    68 |    14 ||   113
       Airstrike         |       |       |     1 |    34 |    57 |       ||    92
       Lightning Bolt    |       |       |       |    63 |   329 |    18 ||   410
       Bolt of Magma     |       |       |       |     9 |     5 |       ||    14
       Conjure Ball Ligh |       |       |       |       |     8 |       ||     8
       Iskenderun's Batt |       |       |       |       |    11 |     7 ||    18
Evoke: Wand              |       |       |       |     4 |    36 |       ||    40
  Use: Scroll            |       |     3 |     2 |    19 |    11 |       ||    35
       Potion            |       |       |     3 |     6 |       |     1 ||    10
  Eat: Chunk             |       |     9 |    13 |    39 |    73 |     3 ||   137
       Ration            |       |       |     1 |     3 |    11 |     1 ||    16
Armor: Robe              |     1 |     8 |    19 |    67 |   140 |    27 ||   262
Dodge: Dodged            |     1 |    43 |   117 |   180 |   496 |    68 ||   905
Block: Kite shield       |       |       |       |   143 |   138 |       ||   281
       Buckler           |       |       |       |       |   197 |    37 ||   234
       Reflection        |       |       |       |       |    23 |     1 ||    24

Table legend:
 A = Non-vault XP
 B = Vault XP
 C = Vault XP percentage of total XP
 D = Non-vault monster count
 E = Vault monster count
 F = Vault count percentage of total count
                 A         B        C        D         E       F
            +---------+---------+-------+---------+---------+-------
      Total |   95453 |   44435 |  31.8 |     620 |     214 |  25.7
            +---------+---------+-------+---------+---------+-------
        D:1 |       9 |      10 |  52.6 |       7 |       6 |  46.2
        D:2 |     155 |      54 |  25.8 |      27 |       6 |  18.2
        D:3 |     129 |      33 |  20.4 |      30 |      11 |  26.8
        D:4 |     301 |      12 |   3.8 |      15 |       3 |  16.7
        D:5 |     621 |     188 |  23.2 |      23 |       1 |   4.2
        D:6 |     837 |       0 |   0.0 |      13 |       0 |   0.0
        D:7 |     965 |       0 |   0.0 |      38 |       0 |   0.0
        D:8 |    1309 |    1789 |  57.7 |      15 |       6 |  28.6
        D:9 |    2317 |     214 |   8.5 |      25 |       1 |   3.8
       D:10 |    4166 |    1950 |  31.9 |      37 |       4 |   9.8
       D:11 |    4392 |     739 |  14.4 |      55 |       4 |   6.8
       D:12 |    4508 |       0 |   0.0 |      18 |       0 |   0.0
       D:13 |    9613 |    1418 |  12.9 |      61 |       4 |   6.2
       D:14 |    6440 |    8005 |  55.4 |      27 |      16 |  37.2
       D:15 |   16417 |    8150 |  33.2 |      44 |      19 |  30.2
     Lair:1 |    6495 |     794 |  10.9 |      31 |       2 |   6.1
     Lair:2 |    4502 |     632 |  12.3 |      19 |       2 |   9.5
     Lair:3 |    5181 |    2142 |  29.3 |      19 |      27 |  58.7
     Lair:4 |    1006 |    3084 |  75.4 |       6 |       7 |  53.8
     Lair:5 |    1559 |    1790 |  53.4 |       7 |       6 |  46.2
     Lair:6 |    8691 |    8136 |  48.4 |      33 |      41 |  55.4
   Spider:1 |    2814 |     216 |   7.1 |      10 |       1 |   9.1
      Orc:1 |    3969 |      76 |   1.9 |      29 |       2 |   6.5
      Orc:2 |    9057 |    5003 |  35.6 |      31 |      45 |  59.2
            +---------+---------+-------+---------+---------+-------
